 Dungeon Crawl Stone Soup version 0.20.1-1-g8b1a95d (webtiles) character file.

14067 Gremour the Carver (level 12, -2/88 HPs)
             Began as a Formicid Fighter on Nov 10, 2017.
             Was an Elder of Qazlal.
             Slain by a two-headed ogre
             ... wielding a +0 giant spiked club
              (11 damage)
             ... on level 10 of the Dungeon.
             The game lasted 01:08:23 (10023 turns).

Gremour the Carver (Formicid Fighter)              Turns: 10023, Time: 01:08:24

Health: -2/88      AC: 17    Str: 21    XL:     12   Next: 40%
Magic:  0/13       EV:  9    Int:  7    God:    Qazlal [****..]
Gold:   638        SH: 20    Dex: 14    Spells: 11/11 levels left

rFire    + . .     SeeInvis +   a - +2 long sword
rCold    . . .     Gourm    .   c - +2 shield
rNeg     . . .     Faith    .   j - +3 scale mail {rF+}
rPois    .         Spirit   +   (helmet unavailable)
rElec    .         Reflect  .   (no cloak)
rCorr    +         Harm     .   (no gloves)
MR       +....     Clarity  +   h - +1 pair of boots
Stlth    ..........             v - amulet of guardian spirit
Regen    0.3/turn               S - ring of resist corrosion
MPRegen  0.2/turn               I - +5 ring of protection

@: repel missiles
A: permanent stasis, dig shafts and tunnels, four strong arms, antennae 3,
clarity, weak 1
a: Dig, Shaft Self, Upheaval, Elemental Force, Renounce Religion


You were on level 10 of the Dungeon.
You worshipped Qazlal.
Qazlal was greatly pleased with you.
You were hungry.

You visited 2 branches of the dungeon, and saw 12 of its levels.

You collected 638 gold pieces.

Inventory:

Hand Weapons
 a - a +2 long sword (weapon)
 w - a +0 blowgun
Missiles
 n - 40 poisoned needles
Armour
 c - a +2 shield (worn)
 h - a +1 pair of boots (worn)
 j - a +3 scale mail of fire resistance (worn)
 B - the +0 chain mail of Teckeqahy {+Inv rElec Stlth+}
   (You found it on level 4 of the Dungeon)

   It insulates you from electricity.
   It lets you turn invisible.
   It makes you more stealthy.
Magical Staves
 G - an uncursed staff of earth
Jewellery
 g - an uncursed ring of flight
 l - an uncursed ring of wizardry
 v - an amulet of guardian spirit (around neck)
 I - a +5 ring of protection (right hand)
 O - a +3 ring of intelligence
 P - an uncursed ring of wizardry
 R - an uncursed ring of stealth
 S - a ring of resist corrosion (left hand)
Wands
 m - a wand of disintegration (19/24)
 p - a wand of enslavement (7/24)
 q - a wand of digging (13/24)
 x - a wand of flame (12/48)
 C - a wand of flame (15/48)
 D - a wand of flame (27/48)
 K - a wand of flame (15/48)
Scrolls
 e - 7 scrolls of remove curse
 i - 6 scrolls of identify
 t - 2 scrolls of recharging
 E - a scroll of fog
 F - 2 scrolls of enchant armour
 H - a scroll of noise {unknown}
 L - a scroll of fear {unknown}
 Q - 2 scrolls of random uselessness {unknown}
Potions
 d - a potion of flight
 k - 2 potions of mutation
 u - 2 potions of curing
 z - a potion of haste
 M - 2 potions of magic
Books
 s - a book of Changes

   Spells                             Type                      Level
   a - Beastly Appendage              Transmutation                1
   b - Sticks to Snakes               Transmutation                2
   c - Spider Form                    Transmutation/Poison         3
   d - Ice Form                       Ice/Transmutation            4
   e - Blade Hands                    Transmutation                5
 A - a book of Misfortune

   Spells                             Type                      Level
   a - Confusing Touch                Hexes                        1
   b - Confuse                        Hexes                        3
   c - Gell's Gravitas                Translocation                3
   d - Petrify                        Transmutation/Earth          4
   e - Metabolic Englaciation         Hexes/Ice                    5
   f - Yara's Violent Unravelling     Hexes/Transmutation          5
 J - a book of Transfigurations

   Spells                             Type                      Level
   a - Irradiate                      Conjuration/Transmutation    5
   b - Statue Form                    Transmutation/Earth          6
   c - Hydra Form                     Transmutation                6
   d - Dragon Form                    Transmutation                7
 T - a book of Frost

   Spells                             Type                      Level
   a - Freeze                         Ice                          1
   b - Throw Frost                    Conjuration/Ice              2
   c - Ozocubu's Armour               Charms/Ice                   3
   d - Throw Icicle                   Conjuration/Ice              4
   e - Summon Ice Beast               Ice/Summoning                4
Miscellaneous
 V - a lamp of fire
Comestibles
 f - 7 bread rations
 o - 8 meat rations
 r - 4 fruits
 N - a royal jelly


   Skills:
 * Level 6.0 Fighting
 - Level 14.1 Long Blades
 * Level 5.4 Armour
 + Level 13.1 Shields
 + Level 1.5 Evocations


You had 11 spell levels left.
You didn't know any spells.

Dungeon Overview and Level Annotations

Branches:
Dungeon (11/15)            Temple (1/1) D:7            Lair (0/6) D:10
    Orc (0/2) D:9

Altars:
Ashenzari
Cheibriados
Dithmenos
Elyvilon
Fedhas
Gozag
Hepliaklqana
Kikubaaqudgha
Makhleb
Nemelex Xobeh
Okawaru
Qazlal
Ru
Sif Muna
Trog
Uskayaw
Vehumet
Xom
Yredelemnul
Zin
The Shining One

Shops:
D:5 (


Innate Abilities, Weirdness & Mutations

You cannot be hasted, slowed, berserked, paralysed or teleported.
You can dig through walls and to a lower floor.
Your four strong arms can wield two-handed weapons with a shield.
You have a pair of large antennae on your head. (SInv)
You possess an exceptional clarity of mind.
You are weak. (Str -2)


Message History

The two-headed ogre is severely wounded.
The adder closely misses you.
The two-headed ogre is engulfed in blazing flames.
You block the two-headed ogre's attack.
The two-headed ogre hits you with a giant club!
* * * LOW HITPOINT WARNING * * *
You feel better.
The adder is struck by lightning.
You kill the adder!
Qazlal accepts your kill. You block the two-headed ogre's attack.
The two-headed ogre hits you with a giant club!
* * * LOW HITPOINT WARNING * * *
Unknown command.
You barely miss the two-headed ogre.
The two-headed ogre is almost dead.
You barely miss the two-headed ogre.
The two-headed ogre is almost dead.
You are feeling hungry.
The two-headed ogre hits you with a giant spiked club!
You die...

################..# # #..#
################..###############
#................................
+................................
+..............).............>...
##........<.......§..............
##..............§§...............
##.............)@§...............
##..............O†...............
##............§...§..............
.................................
.................................
........#########################
..#.#.#.## ......#..###
..#...#....#


You could see a two-headed ogre.

Vanquished Creatures
  The ghost of Regeox the Basher, a novice HOFi of Qazlal (D:9)
  4 two-headed ogres
  A queen ant (D:11)
  The ghost of HammerPanzer the Basher, a novice MiBe of Trog (D:8)
  An ugly thing (D:11)
  A centaur skeleton (D:10)
  A merfolk (D:9)
  The ghost of Pulso the Ducker, an amateur DrSk (D:4)
  Grinder (D:6)
  Prince Ribbit (D:6)
  5 hippogriffs
  Sigmund (D:2)
  3 yaks (D:10)
  3 hungry ghosts
  Duvessa (D:6)
  16 soldier ants
  2 water moccasins
  2 hell hounds (D:10)
  A sky beast (D:7)
  3 ice beasts
  2 black bears
  4 phantoms
  A necrophage (D:9)
  6 ogres
  A crocodile (D:9)
  4 centaurs
  Blork the orc (D:6)
  2 big kobolds
  Dowan (D:6)
  2 bullfrogs
  A wyvern skeleton (D:8)
  3 scorpions
  2 howler monkeys (D:5)
  3 crimson imps
  A lava snake (D:10)
  A jelly (D:6)
  3 orc wizards
  An orc priest (D:7)
  7 hounds
  2 iguanas
  Ijyb (D:4)
  Terence (D:2)
  28 worker ants
  5 ogre zombies (D:9)
  A hound skeleton (D:11)
  A worker ant zombie (D:9)
  10 adders
  3 gnolls (D:1)
  A howler monkey skeleton (D:5)
  2 shadow imps
  An ooze (D:3)
  3 adder skeletons
  An adder zombie (D:5)
  5 worms
  2 dart slugs
  4 leopard geckos
  14 orcs
  10 bats
  6 giant cockroaches
  11 goblins
  9 hobgoblins
  11 jackals
  6 quokkas
  4 ball pythons
  8 frilled lizards
  2 goblin skeletons (D:9)
  4 goblin zombies (D:9)
  A hobgoblin skeleton (D:9)
  3 hobgoblin zombies (D:9)
  9 kobolds
  3 orc skeletons (D:9)
  6 orc zombies (D:9)
  5 rats
279 creatures vanquished.

Vanquished Creatures (others)
  4 plants (D:11)
4 creatures vanquished.

Grand Total: 283 creatures vanquished

Notes
Turn   | Place    | Note
-------+----------+-------------------------------------------
     0 | D:1      | Gremour the Formicid Fighter began the quest for the Orb.
     0 | D:1      | Reached XP level 1. HP: 18/18 MP: 1/1
   181 | D:1      | Reached XP level 2. HP: 22/24 MP: 2/2
   412 | D:1      | Reached XP level 3. HP: 29/29 MP: 3/3
   435 | D:1      | Reached skill level 3 in Long Blades
   893 | D:2      | Reached XP level 4. HP: 26/35 MP: 4/4
   924 | D:2      | Noticed Sigmund
  1002 | D:2      | Noticed Terence
  1013 | D:2      | Killed Terence
  1069 | D:2      | Found a hide-covered altar of Uskayaw.
  1070 | D:2      | Found an ancient bone altar of Kikubaaqudgha.
  1131 | D:1      | Reached skill level 4 in Long Blades
  1143 | D:1      | Reached XP level 5. HP: 30/41 MP: 5/5
  1261 | D:2      | Killed Sigmund
  1261 | D:2      | Reached skill level 5 in Long Blades
  1261 | D:2      | Reached skill level 5 in Shields
  1261 | D:2      | Reached XP level 6. HP: 47/47 MP: 6/6
  1563 | D:2      | Found a blossoming altar of Fedhas.
  2022 | D:3      | Noticed a water moccasin
  2031 | D:3      | Killed a water moccasin
  2031 | D:3      | Reached skill level 6 in Long Blades
  2031 | D:3      | Reached XP level 7. HP: 46/52 MP: 5/7
  2773 | D:4      | Got a steaming chain mail
  2800 | D:4      | Identified the cursed +0 chain mail of Teckeqahy {+Inv rElec Stlth+} (You found it on level 4 of the Dungeon)
  2873 | D:4      | Noticed Pulso's ghost (amateur DrSk)
  2923 | D:4      | Killed Pulso's ghost
  2923 | D:4      | Reached skill level 7 in Long Blades
  2923 | D:4      | Reached XP level 8. HP: 32/58 MP: 5/8
  3310 | D:4      | Noticed Ijyb
  3336 | D:4      | Killed Ijyb
  3468 | D:5      | Entered Level 5 of the Dungeon
  3629 | D:5      | Found Duaguuto's Weapon Boutique.
  3652 | D:5      | Reached skill level 8 in Long Blades
  4060 | D:5      | Found a radiant altar of Vehumet.
  4287 | D:5      | Found a sacrificial altar of Ru.
  4301 | D:5      | Reached XP level 9. HP: 64/64 MP: 9/9
  4487 | D:5      | Reached skill level 9 in Long Blades
  4963 | D:6      | Noticed Prince Ribbit
  4985 | D:6      | Killed Prince Ribbit
  5020 | D:6      | Found a bloodstained altar of Trog.
  5140 | D:6      | Found a shattered altar of Ashenzari.
  5301 | D:6      | Noticed Grinder
  5329 | D:6      | Killed Grinder
  5329 | D:6      | Reached skill level 10 in Long Blades
  5415 | D:6      | Noticed Blork the orc
  5435 | D:6      | Killed Blork the orc
  5475 | D:6      | Noticed Duvessa
  5476 | D:6      | Noticed Dowan
  5486 | D:6      | Killed Duvessa
  5493 | D:6      | Killed Dowan
  5738 | D:7      | Found a staircase to the Ecumenical Temple.
  5744 | Temple   | Entered the Ecumenical Temple
  5767 | Temple   | Became a worshipper of Qazlal Stormbringer
  5845 | D:7      | Gained mutation: You are weak. (Str -2) [mutagenic meat]
  5846 | D:7      | Gained mutation: You possess an exceptional clarity of mind. [mutagenic meat]
  6039 | D:7      | Found a sacrificial altar of Ru.
  6040 | D:7      | Found a sparkling altar of Nemelex Xobeh.
  6057 | D:7      | Reached XP level 10. HP: 66/70 MP: 8/10
  6418 | D:7      | Reached skill level 11 in Long Blades
  6418 | D:7      | Reached skill level 10 in Shields
  6575 | D:8      | Found a snail-covered altar of Cheibriados.
  6580 | D:8      | Found a hazy altar of Hepliaklqana.
  6730 | D:8      | Reached * piety under Qazlal
  7002 | D:8      | Noticed a two-headed ogre
  7002 | D:8      | Noticed HammerPanzer's ghost (novice MiBe)
  7070 | D:8      | Killed HammerPanzer's ghost
  7080 | D:8      | Killed a two-headed ogre
  7085 | D:8      | Reached skill level 12 in Long Blades
  7451 | D:9      | Noticed Regeox's ghost (novice HOFi)
  7524 | D:9      | Killed Regeox's ghost
  7524 | D:9      | Reached XP level 11. HP: 26/75 MP: 5/11
  7813 | D:9      | Reached ** piety under Qazlal
  7829 | D:9      | Found a staircase to the Orcish Mines.
  8136 | D:9      | Reached skill level 1 in Evocations
  8168 | D:9      | Reached skill level 13 in Long Blades
  8413 | D:10     | Entered Level 10 of the Dungeon
  8435 | D:10     | Found a shattered altar of Ashenzari.
  8780 | D:10     | Found a staircase to the Lair.
  9178 | D:11     | Noticed a two-headed ogre
  9205 | D:11     | Killed a two-headed ogre
  9205 | D:11     | Reached skill level 14 in Long Blades
  9230 | D:11     | Noticed a two-headed ogre
  9234 | D:11     | Reached *** piety under Qazlal
  9248 | D:11     | Killed a two-headed ogre
  9545 | D:11     | Noticed a queen ant
  9591 | D:11     | Killed a queen ant
  9591 | D:11     | Reached XP level 12. HP: 48/84 MP: 11/13
  9649 | D:11     | Reached skill level 5 in Fighting
  9650 | D:11     | Reached skill level 5 in Armour
  9650 | D:11     | Reached **** piety under Qazlal
  9670 | D:11     | Noticed a two-headed ogre
  9676 | D:11     | Noticed a two-headed ogre
 10015 | D:10     | Killed a two-headed ogre
 10023 | D:10     | Slain by a two-headed ogre

Skill      XL: |  1  2  3  4  5  6  7  8  9 10 11 12 |
---------------+-------------------------------------+-----
Shields        | 4 5 6 7 9 12 13 | 13.1
Long Blades    | 3 4 5 6 7 8 10 12 14 | 14.1
Evocations     | 1 |  1.5
Fighting       | 4 6 |  6.0
Armour         | 4 5 |  5.4

Action                   |  1- 3 |  4- 6 |  7- 9 | 10-12 || total
-------------------------+-------+-------+-------+-------++-------
Melee: Long sword        |   121 |    92 |   470 |   812 ||  1495
 Abil: Dig               |     1 |       |     4 |       ||     5
Evoke: Wand              |       |       |       |    11 ||    11
  Use: Potion            |       |     2 |     6 |    11 ||    19
       Scroll            |       |     1 |    15 |     3 ||    19
 Stab: Paralysed         |       |       |     1 |       ||     1
  Eat: Chunk             |     1 |     3 |    17 |    15 ||    36
       Bread ration      |       |       |       |     1 ||     1
Armor: Scale mail        |    56 |    36 |   111 |   119 ||   322
       Skin              |       |       |     5 |    48 ||    53
Dodge: Dodged            |    49 |    28 |    86 |   118 ||   281
Block: Shield            |    76 |    41 |   232 |   503 ||   852
       Rpst.: Long sword |    17 |    11 |    28 |    34 ||    90
